[Event "26th Zadar Open 2019"]
[Site "Zadar"]
[Date "2019.12.16"]
[Round "2"]
[White "Stany, G.A."]
[Black "Bhambure, Shantanu"]
[Result "1/2-1/2"]
[ECO "B90"]
[WhiteElo "2526"]
[BlackElo "2340"]
[Annotator "ChessBase"]
[PlyCount "89"]
[EventDate "2019.??.??"]
[EventCountry "CRO"]
[SourceTitle "playchess.com"]
[Source "ChessBase"]
[SourceQuality "1"]
[TimeControl "40/5400+30:1800+30"]

1. e4 c5 2. Nf3 d6 3. d4 cxd4 4. Nxd4 Nf6 5. Nc3 a6 6. Be3 e5 7. Nb3 Be6 8. f3 Nbd7 9. Qd2 b5 10. O-O-O Be7 11. g4 b4 12. Nd5 Bxd5 13. exd5 Nb6 14. Na5 Nbxd5 15. Nc4 Nxe3 16. Nxe3 O-O 17. Bc4 Nd7 18. h4 Nb6 19. Qxb4 d5 20. Qa5 d4 21. Bb3 Nd7 22. Qxd8 Bxd8 23. Nc4 a5 24. c3 a4 25. Bc2 Rc8 26. Nd6 Rc6 27. Ne4 a3 28. cxd4 axb2+ 29. Kxb2 exd4 30. Rxd4 Ne5 31. Bb3 Nxf3 32. Rd5 Bc7 33. Rc1 Rxc1 34. Kxc1 Nxh4 35. Rd7 Bf4+ 36. Kb2 Nf3 37. a4 Ne5 38. Rb7 Nxg4 39. a5 Rb8 40. Re7 h5 41. a6 Be3 42. Kc3 h4 43. Bd5 h3 44. Rxf7 Kh7 45. a7 1/2-1/2

[Event "26th Zadar Open 2019"]
[Site "Zadar"]
[Date "2019.12.16"]
[Round "2"]
[White "Doric, Darko"]
[Black "Pecnik, Leo"]
[Result "1/2-1/2"]
[ECO "E92"]
[WhiteElo "2492"]
[BlackElo "2326"]
[Annotator "ChessBase"]
[PlyCount "104"]
[EventDate "2019.??.??"]
[EventCountry "CRO"]
[SourceTitle "playchess.com"]
[Source "ChessBase"]
[SourceQuality "1"]
[TimeControl "40/5400+30:1800+30"]

1. d4 d6 2. Nf3 Nf6 3. c4 g6 4. Nc3 Bg7 5. e4 O-O 6. Be2 e5 7. Be3 h6 8. dxe5 Ng4 9. Bc1 Nxe5 10. Nxe5 dxe5 11. Qxd8 Rxd8 12. Nd5 Na6 13. Be3 Re8 14. c5 c6 15. Bxa6 cxd5 16. Bb5 Rd8 17. exd5 Rxd5 18. Bc4 Rd8 19. Ke2 e4 20. Rad1 Bd7 21. b4 a6 22. f3 Bb5 23. Rxd8+ Rxd8 24. Rc1 exf3+ 25. Kxf3 Bxc4 26. Rxc4 Rd3 27. a4 Rb3 28. Ke2 g5 29. Bd2 Be5 30. c6 bxc6 31. Rxc6 Bf4 32. Bc3 Bxh2 33. Kd2 Ra3 34. Rxh6 Bf4+ 35. Kc2 f6 36. Bb2 Rg3 37. Bxf6 g4 38. Rh8+ Kf7 39. Bd4 Ke6 40. Rh5 Rxg2+ 41. Kd3 g3 42. Ke4 Rh2 43. Ra5 Rh4 44. Kf3 Bd6 45. Bc5 Bxc5 46. bxc5 Kd5 47. Kxg3 Rc4 48. Kf3 Rxc5 49. Rxa6 Rc6 50. Rxc6 Kxc6 51. a5 Kb5 52. a6 Kxa6 1/2-1/2

[Event "26th Zadar Open 2019"]
[Site "Zadar"]
[Date "2019.12.16"]
[Round "2"]
[White "Galperin, Platon"]
[Black "Rudolf, Michal"]
[Result "0-1"]
[ECO "B11"]
[WhiteElo "2462"]
[BlackElo "2328"]
[Annotator "ChessBase"]
[PlyCount "114"]
[EventDate "2019.??.??"]
[EventCountry "CRO"]
[SourceTitle "playchess.com"]
[Source "ChessBase"]
[SourceQuality "1"]
[TimeControl "40/5400+30:1800+30"]

1. e4 c6 2. Nf3 d5 3. Nc3 Nf6 4. e5 Ne4 5. Ne2 Qb6 6. d4 e6 7. Ng3 c5 8. Bd3 Nxg3 9. fxg3 cxd4 10. O-O Nc6 11. Qe2 h6 12. a3 Bd7 13. b4 Be7 14. g4 O-O-O 15. b5 Na5 16. Bd2 Nc4 17. a4 f6 18. Rfb1 Nxd2 19. Qxd2 Rhf8 20. Qe2 fxe5 21. a5 Qc5 22. Nxe5 Bf6 23. b6 a6 24. Kh1 Qd6 25. Ng6 Rfe8 26. Bxa6 d3 27. Bxd3 Bxa1 28. Rxa1 e5 29. Bf5 Kb8 30. a6 Bxf5 31. gxf5 Qxb6 32. Nxe5 Qb2 33. Re1 bxa6 34. Nc6+ Kc7 35. Ne7 Kb7 36. Qf1 Qc3 37. Re6 Qc4 38. Qg1 d4 39. Qf2 Qc3 40. Qf1 Qa3 41. Qe1 Rd6 42. Re5 Ka7 43. Nc6+ Rxc6 44. Rxe8 Rxc2 45. Re7+ Kb6 46. Re6+ Kb5 47. Qe5+ Qc5 48. Qb8+ Kc4 49. Qb1 d3 50. Qa1 d2 51. Qxa6+ Kc3 52. Qa1+ Rb2 53. Re2 Qd4 54. Qa3+ Kc2 55. h3 Rb1+ 56. Kh2 Qf4+ 57. g3 Rh1+ 0-1

[Event "26th Zadar Open 2019"]
[Site "Zadar"]
[Date "2019.12.16"]
[Round "2"]
[White "Spalir, Jernej"]
[Black "Krasteva, Beloslava"]
[Result "1/2-1/2"]
[ECO "D37"]
[WhiteElo "2429"]
[BlackElo "2264"]
[Annotator "ChessBase"]
[PlyCount "106"]
[EventDate "2019.??.??"]
[EventCountry "CRO"]
[SourceTitle "playchess.com"]
[Source "ChessBase"]
[SourceQuality "1"]
[TimeControl "40/5400+30:1800+30"]

1. d4 d5 2. c4 e6 3. Nc3 Be7 4. Nf3 Nf6 5. Bf4 O-O 6. e3 c5 7. dxc5 Bxc5 8. cxd5 exd5 9. Be2 Nc6 10. O-O a6 11. Rc1 Be6 12. a3 Rc8 13. Ne5 Nxe5 14. Bxe5 Ne4 15. b4 Ba7 16. Nxe4 dxe4 17. Rxc8 Qxc8 18. Qb1 Bd5 19. Rc1 Qe6 20. Qa1 f6 21. Bd4 Bb8 22. Qc3 Rd8 23. g3 Qd6 24. Kg2 Be6 25. Bc4 Kf7 26. Bxe6+ Qxe6 27. Qc5 Rd5 28. Qc4 Rd8 29. Qc5 Rd5 30. Qc8 Qxc8 31. Rxc8 Be5 32. Bxe5 Rxe5 33. g4 g5 34. f3 exf3+ 35. Kxf3 Re7 36. a4 Ke6 37. e4 Kd7 38. Rb8 Kd6 39. Ke3 Ke5 40. h3 h5 41. gxh5 Rh7 42. Re8+ Kd6 43. Rd8+ Ke5 44. h4 Rxh5 45. Re8+ Kd6 46. hxg5 Rxg5 47. Rf8 Ke5 48. Re8+ Kd6 49. Kd4 Rg1 50. Rd8+ Kc6 51. Rc8+ Kd6 52. Rd8+ Kc6 53. Rc8+ Kd6 1/2-1/2

[Event "26th Zadar Open 2019"]
[Site "Zadar"]
[Date "2019.12.16"]
[Round "2"]
[White "Rezan, Sasa"]
[Black "Stocko, Josip"]
[Result "1-0"]
[ECO "E48"]
[WhiteElo "2415"]
[BlackElo "2267"]
[Annotator "ChessBase"]
[PlyCount "85"]
[EventDate "2019.??.??"]
[EventCountry "CRO"]
[SourceTitle "playchess.com"]
[Source "ChessBase"]
[SourceQuality "1"]
[TimeControl "40/5400+30:1800+30"]

1. d4 Nf6 2. c4 e6 3. Nc3 Bb4 4. e3 O-O 5. Bd3 d5 6. cxd5 exd5 7. Nge2 Re8 8. Bd2 c5 9. O-O Nc6 10. a3 cxd4 11. axb4 dxc3 12. Bxc3 Ne4 13. Bxe4 dxe4 14. b5 Ne7 15. Qa4 Nd5 16. Ng3 Nxc3 17. bxc3 f5 18. Rfd1 Qb6 19. Rd4 Be6 20. h3 Red8 21. Rad1 Rxd4 22. Rxd4 a6 23. bxa6 bxa6 24. Qa3 g6 25. Qe7 Bf7 26. c4 Rc8 27. Rd7 Qe6 28. Rd8+ Rxd8 29. Qxd8+ Kg7 30. c5 Qd5 31. Qb6 Be8 32. Qa7+ Bf7 33. Kh2 Qc6 34. Ne2 h5 35. h4 Kf6 36. Nd4 Qc8 37. Qb6+ Kg7 38. Qd6 a5 39. c6 a4 40. Qd7 Qe8 41. Qd6 Qa8 42. c7 a3 43. Qd8 1-0

[Event "26th Zadar Open 2019"]
[Site "Zadar"]
[Date "2019.12.16"]
[Round "2"]
[White "Moksh Amit Doshi"]
[Black "Sinanovic, Muhamed"]
[Result "1-0"]
[ECO "E11"]
[WhiteElo "2399"]
[BlackElo "2309"]
[Annotator "ChessBase"]
[PlyCount "63"]
[EventDate "2019.??.??"]
[EventCountry "CRO"]
[SourceTitle "playchess.com"]
[Source "ChessBase"]
[SourceQuality "1"]
[TimeControl "40/5400+30:1800+30"]

1. d4 e6 2. c4 Bb4+ 3. Nd2 Nf6 4. Ngf3 O-O 5. a3 Be7 6. e4 d6 7. Be2 Nfd7 8. Qc2 e5 9. Nb1 Bf6 10. d5 a5 11. Nc3 c5 12. Be3 Re8 13. g4 Nf8 14. Rg1 h6 15. h4 Be7 16. O-O-O g5 17. hxg5 hxg5 18. Rh1 Ng6 19. Rdg1 Nd7 20. Qd1 Bf6 21. Qf1 Kg7 22. Rg2 Nf4 23. Rgh2 Nf8 24. Rh8 Bxg4 25. Bxf4 exf4 26. Qg2 Bxc3 27. Qxg4 Qf6 28. Nxg5 Bxb2+ 29. Kb1 Qg6 30. Kxb2 Ra6 31. R8h6 Rb6+ 32. Ka2 1-0

[Event "26th Zadar Open 2019"]
[Site "Zadar"]
[Date "2019.12.16"]
[Round "2"]
[White "Lye, Lik Zang"]
[Black "Hrescak, Ivana"]
[Result "1-0"]
[ECO "B23"]
[WhiteElo "2379"]
[BlackElo "2194"]
[Annotator "ChessBase"]
[PlyCount "75"]
[EventDate "2019.??.??"]
[EventCountry "CRO"]
[SourceTitle "playchess.com"]
[Source "ChessBase"]
[SourceQuality "1"]
[TimeControl "40/5400+30:1800+30"]

1. e4 c5 2. Nc3 Nc6 3. Bb5 Nd4 4. Nf3 Nxb5 5. Nxb5 d5 6. exd5 a6 7. Nc3 Bg4 8. h3 Bh5 9. g4 Bg6 10. d4 c4 11. Ne5 Nf6 12. Qf3 b5 13. d6 Rc8 14. g5 Nd7 15. Bf4 e6 16. O-O-O b4 17. Nxg6 hxg6 18. Nd5 Bxd6 19. Bxd6 Qxg5+ 20. Ne3 Qb5 21. d5 e5 22. Qe4 b3 23. axb3 cxb3 24. Qb4 bxc2 25. Rd2 f6 26. Qxb5 axb5 27. Rxc2 Rxc2+ 28. Kxc2 Kf7 29. Kb3 Rh4 30. Rc1 Rxh3 31. Rc7 Ke8 32. Rc8+ Kf7 33. Rd8 Rf3 34. Rxd7+ Kg8 35. Bc5 Rxf2 36. d6 f5 37. Rd8+ Kh7 38. d7 1-0

[Event "26th Zadar Open 2019"]
[Site "Zadar"]
[Date "2019.12.16"]
[Round "2"]
[White "Bratovic, Blaz"]
[Black "Kozul, Zdenko"]
[Result "1/2-1/2"]
[ECO "B90"]
[WhiteElo "2359"]
[BlackElo "2590"]
[Annotator "RC"]
[PlyCount "119"]
[EventDate "2019.??.??"]
[EventCountry "CRO"]
[SourceTitle "playchess.com"]
[Source "ChessBase"]
[SourceQuality "1"]
[TimeControl "40/5400+30:1800+30"]

1. e4 c5 2. Nf3 d6 3. d4 cxd4 4. Nxd4 Nf6 5. Nc3 Nbd7 6. Be3 a6 7. g4 h6 8. h3 e5 9. Nf5 Nb6 10. f4 Qc7 11. Qe2 Bxf5 12. exf5 Nbd5 13. Nxd5 Nxd5 14. Bd2 Be7 15. Bg2 Bh4+ 16. Kf1 Nf6 17. Be1 Bxe1 18. Rxe1 O-O-O 19. fxe5 dxe5 20. Qxe5 Qxc2 21. Re2 Rd2 22. Rxd2 Qxd2 23. Qc3+ Qxc3 24. bxc3 Rd8 25. Ke2 Nd5 26. Bxd5 Rxd5 27. Rc1 Ra5 28. Rc2 Kd7 29. Ke3 b5 30. Rd2+ Ke7 31. Kd4 Ra3 32. Kc5 Rxc3+ 33. Kb6 Ra3 34. h4 f6 35. Kc6 Ra4 36. Rg2 Kf7 37. Kb6 h5 38. gxh5 Rxh4 39. Kxa6 Rxh5 40. Rf2 b4 41. Kb5 Rh4 42. Rb2 Rf4 43. Rxb4 Rxf5+ 44. Kb6 Re5 45. a4 g5 46. a5 Re6+ 47. Kb7 f5 48. a6 g4 49. a7 Re7+ 50. Ka6 Rxa7+ 51. Kxa7 Kf6 52. Kb6 g3 53. Kc5 Ke5 54. Rb8 Ke4 55. Re8+ Kf3 56. Kd5 g2 57. Rg8 Kf2 58. Ke5 g1=Q 59. Rxg1 Kxg1 60. Kxf5 1/2-1/2

[Event "26th Zadar Open 2019"]
[Site "Zadar"]
[Date "2019.12.16"]
[Round "2"]
[White "Nester, Ihor"]
[Black "Chan, Kim Yew"]
[Result "0-1"]
[ECO "E08"]
[WhiteElo "2329"]
[BlackElo "2245"]
[Annotator "ChessBase"]
[PlyCount "80"]
[EventDate "2019.??.??"]
[EventCountry "CRO"]
[SourceTitle "playchess.com"]
[Source "ChessBase"]
[SourceQuality "1"]
[TimeControl "40/5400+30:1800+30"]

1. Nf3 Nf6 2. c4 e6 3. g3 d5 4. d4 Bb4+ 5. Bd2 Be7 6. Bg2 O-O 7. O-O c6 8. Qc2 b6 9. Bf4 Bb7 10. Rd1 Nbd7 11. Nc3 dxc4 12. e4 b5 13. Rd2 Re8 14. Rad1 Nf8 15. h3 Ng6 16. Be3 Qc7 17. Nh2 Rad8 18. f4 a6 19. Ng4 Nd7 20. h4 f5 21. exf5 exf5 22. Qxf5 Nf6 23. Ne5 Bc8 24. Qc2 Ng4 25. Qe4 Nxe3 26. Qxe3 Bb4 27. Qf3 Ne7 28. Nxc6 Nxc6 29. Qxc6 Qxc6 30. Bxc6 Bxc3 31. bxc3 Re3 32. Kf2 Rxc3 33. d5 Bg4 34. Re1 Rf3+ 35. Kg2 c3 36. Rd4 c2 37. Rc1 Rc3 38. Rb4 Bf3+ 39. Kf2 Bxd5 40. Ke2 Rxg3 0-1

[Event "26th Zadar Open 2019"]
[Site "Zadar"]
[Date "2019.12.16"]
[Round "2"]
[White "Dixit, Nikhil"]
[Black "de Francesco, Klaus"]
[Result "1-0"]
[ECO "C00"]
[WhiteElo "2318"]
[BlackElo "2273"]
[Annotator "ChessBase"]
[PlyCount "65"]
[EventDate "2019.??.??"]
[EventCountry "CRO"]
[SourceTitle "playchess.com"]
[Source "ChessBase"]
[SourceQuality "1"]
[TimeControl "40/5400+30:1800+30"]

1. e4 e6 2. Qe2 e5 3. g3 Nc6 4. Bg2 Bc5 5. Nf3 d6 6. c3 a6 7. O-O Nf6 8. Rd1 Qe7 9. d4 Ba7 10. d5 Nb8 11. h3 h6 12. Be3 Bxe3 13. Qxe3 Nbd7 14. Nbd2 b6 15. a4 g5 16. a5 Rb8 17. axb6 Nxb6 18. b4 g4 19. hxg4 Nxg4 20. Qe2 h5 21. Nh4 Qg5 22. c4 Nd7 23. c5 Rxb4 24. cxd6 cxd6 25. Nc4 O-O 26. Nxd6 Nc5 27. Rac1 Qe7 28. Nhf5 Bxf5 29. Nxf5 Qa7 30. Qd2 f6 31. Qxb4 Nd3 32. Rxd3 Nxf2 33. Qc5 1-0

[Event "26th Zadar Open 2019"]
[Site "Zadar"]
[Date "2019.12.16"]
[Round "2"]
[White "Ascic, Pero"]
[Black "Sahil, Tickoo"]
[Result "1/2-1/2"]
[ECO "B52"]
[WhiteElo "2310"]
[BlackElo "2259"]
[Annotator "ChessBase"]
[PlyCount "65"]
[EventDate "2019.??.??"]
[EventCountry "CRO"]
[SourceTitle "playchess.com"]
[Source "ChessBase"]
[SourceQuality "1"]
[TimeControl "40/5400+30:1800+30"]

1. e4 c5 2. Nf3 d6 3. Bb5+ Bd7 4. Bxd7+ Nxd7 5. b3 Ngf6 6. Qe2 g6 7. Bb2 Bg7 8. O-O O-O 9. d3 Rc8 10. Nbd2 Nb8 11. a4 Nc6 12. Nc4 d5 13. exd5 Nxd5 14. Bxg7 Kxg7 15. Rfe1 e6 16. Nce5 Nxe5 17. Qxe5+ Qf6 18. Kf1 Rfd8 19. g3 Qxe5 20. Nxe5 f6 21. Nc4 e5 22. Ke2 Rc7 23. Kd2 Kf7 24. c3 Rcd7 25. Kc2 h5 26. h4 Nb6 27. Nb2 Nc8 28. a5 Nd6 29. Re2 Nf5 30. Re4 Nh6 31. Re2 Nf5 32. Re4 Nd6 33. Re2 1/2-1/2

[Event "26th Zadar Open 2019"]
[Site "Zadar"]
[Date "2019.12.16"]
[Round "2"]
[White "Guttenthaler, Franz"]
[Black "Vidic, Teja"]
[Result "1/2-1/2"]
[ECO "D17"]
[WhiteElo "2304"]
[BlackElo "2221"]
[Annotator "ChessBase"]
[PlyCount "167"]
[EventDate "2019.??.??"]
[EventCountry "CRO"]
[SourceTitle "playchess.com"]
[Source "ChessBase"]
[SourceQuality "1"]
[TimeControl "40/5400+30:1800+30"]

1. d4 d5 2. c4 c6 3. Nf3 Nf6 4. Nc3 dxc4 5. a4 Bf5 6. Ne5 Nbd7 7. Nxc4 Nb6 8. Ne5 a5 9. f3 Nfd7 10. Nd3 e5 11. Nxe5 Nxe5 12. dxe5 Qxd1+ 13. Nxd1 Bb4+ 14. Bd2 Bc2 15. Bxb4 axb4 16. a5 Bxd1 17. Kxd1 Nc4 18. e4 Rxa5 19. Rxa5 Nxa5 20. Bd3 Ke7 21. Ke2 Rd8 22. Ke3 c5 23. Ra1 Ra8 24. Ke2 Ra7 25. Bc4 b6 26. b3 f6 27. exf6+ gxf6 28. Bd5 Nc6 29. Rxa7+ Nxa7 30. g4 Nb5 31. Ke3 Nd4 32. h4 h6 33. f4 Kd6 34. h5 Ke7 35. e5 fxe5 36. fxe5 b5 37. Kd3 Kf8 38. Ke4 Kg7 39. e6 Kf6 40. g5+ hxg5 41. h6 Nf5 42. h7 Nd6+ 43. Kf3 Kg7 44. Kg4 Kxh7 45. Kxg5 c4 46. bxc4 bxc4 47. e7 c3 48. Bb3 Kg7 49. Kf4 Kf6 50. Ke3 Nf5+ 51. Kd3 Nxe7 52. Kc4 Ke5 53. Kxb4 Kd4 54. Bc2 Nd5+ 55. Kb3 Ke3 56. Kc4 Kd2 57. Bh7 Nf6 58. Bg6 Nd7 59. Bh7 Ne5+ 60. Kd4 Nf3+ 61. Kc4 Ng5 62. Bg6 Nf7 63. Bh7 Nd8 64. Bg6 Ne6 65. Bh7 Nd8 66. Bg6 Nb7 67. Bh7 Nd6+ 68. Kd4 Nf7 69. Kc4 Ne5+ 70. Kd4 Ng4 71. Kc4 Ne3+ 72. Kd4 Nd1 73. Bg6 Ne3 74. Bh7 Nc2+ 75. Kc4 Ne1 76. Bg6 Nf3 77. Bh7 Ng5 78. Bg6 Nh3 79. Bh7 Nf2 80. Bg6 Nd1 81. Bh7 Ke3 82. Bc2 Kd2 83. Bxd1 Kxd1 84. Kxc3 1/2-1/2

[Event "26th Zadar Open 2019"]
[Site "Zadar"]
[Date "2019.12.16"]
[Round "2"]
[White "Gelbenegger, Patrick"]
[Black "Rogic, Davor"]
[Result "1-0"]
[ECO "B84"]
[WhiteElo "2267"]
[BlackElo "2485"]
[Annotator "ChessBase"]
[PlyCount "101"]
[EventDate "2019.??.??"]
[EventCountry "CRO"]
[SourceTitle "playchess.com"]
[Source "ChessBase"]
[SourceQuality "1"]
[TimeControl "40/5400+30:1800+30"]

1. e4 c5 2. Nf3 e6 3. d4 cxd4 4. Nxd4 Nf6 5. Nc3 d6 6. Be2 a6 7. f4 Nbd7 8. O-O Qc7 9. Kh1 Be7 10. a3 b5 11. Bf3 Bb7 12. e5 dxe5 13. fxe5 Nxe5 14. Bf4 Nfd7 15. Re1 Bxf3 16. Nxf3 f6 17. Nxe5 fxe5 18. Qh5+ g6 19. Bxe5 gxh5 20. Bxc7 Rc8 21. Rxe6 Nf8 22. Be5 Nxe6 23. Bxh8 Kf7 24. Be5 a5 25. Rf1+ Kg6 26. h3 Rc5 27. Re1 Kf7 28. Rf1+ Kg6 29. Re1 Kf7 30. b4 axb4 31. axb4 Rc6 32. Rf1+ Kg6 33. Nd5 Bg5 34. Bf6 Rxc2 35. Ne7+ Kh6 36. Ng8+ Kg6 37. Ne7+ Kh6 38. h4 Bf4 39. g3 Rc1 40. Rxc1 Bxc1 41. Bc3 Nc7 42. Kg2 Ne8 43. Kf2 Nd6 44. Kf3 Nc4 45. Ke4 Ne3 46. Bd4 Nf1 47. Kf5 Nxg3+ 48. Kf6 Ne4+ 49. Kf7 Ng5+ 50. Kg8 Ne6 51. Bg7+ 1-0

[Event "26th Zadar Open 2019"]
[Site "Zadar"]
[Date "2019.12.16"]
[Round "2"]
[White "Deglmann, Ludwig"]
[Black "Blohberger, Felix"]
[Result "1/2-1/2"]
[ECO "A20"]
[WhiteElo "2261"]
[BlackElo "2434"]
[Annotator "ChessBase"]
[PlyCount "65"]
[EventDate "2019.??.??"]
[EventCountry "CRO"]
[SourceTitle "playchess.com"]
[Source "ChessBase"]
[SourceQuality "1"]
[TimeControl "40/5400+30:1800+30"]

1. c4 e5 2. g3 c6 3. Nf3 e4 4. Nd4 d5 5. cxd5 Qxd5 6. Nc2 Nf6 7. Bg2 Qe5 8. d4 exd3 9. Qxd3 Bf5 10. Qe3 Qxe3 11. Nxe3 Be6 12. Nc3 Nbd7 13. Nc2 a5 14. Nd4 Bc4 15. b3 Bb4 16. Bb2 Nd5 17. Bxd5 Bxd5 18. O-O Be6 19. Nxe6 fxe6 20. Ne4 O-O 21. Rad1 Nf6 22. Nxf6+ gxf6 23. Rd7 Rf7 24. Rfd1 Re8 25. Kg2 Kf8 26. f4 Rxd7 27. Rxd7 Re7 28. Rd8+ Kf7 29. Kf3 Rc7 30. Rh8 Kg7 31. Re8 Kf7 32. Rh8 Kg7 33. Re8 1/2-1/2

[Event "26th Zadar Open 2019"]
[Site "Zadar"]
[Date "2019.12.16"]
[Round "2"]
[White "Zelic, Mladen"]
[Black "Plenkovic, Zdenko"]
[Result "1/2-1/2"]
[ECO "C43"]
[WhiteElo "2254"]
[BlackElo "2355"]
[Annotator "ChessBase"]
[PlyCount "21"]
[EventDate "2019.??.??"]
[EventCountry "CRO"]
[SourceTitle "playchess.com"]
[Source "ChessBase"]
[SourceQuality "1"]
[TimeControl "40/5400+30:1800+30"]

1. e4 e5 2. Nf3 Nf6 3. d4 Nxe4 4. Bd3 d5 5. Nxe5 Nd7 6. Nxf7 Kxf7 7. Qh5+ Ke7 8. Qe2 Kf7 9. Qh5+ Ke7 10. Qe2 Kf7 11. Qd1 1/2-1/2

[Event "26th Zadar Open 2019"]
[Site "Zadar"]
[Date "2019.12.16"]
[Round "2"]
[White "Dev, Shah"]
[Black "Livaic, Leon"]
[Result "1-0"]
[ECO "A42"]
[WhiteElo "2242"]
[BlackElo "2505"]
[Annotator "ChessBase"]
[PlyCount "93"]
[EventDate "2019.??.??"]
[EventCountry "CRO"]
[SourceTitle "playchess.com"]
[Source "ChessBase"]
[SourceQuality "1"]
[TimeControl "40/5400+30:1800+30"]

1. d4 g6 2. c4 Bg7 3. Nc3 d6 4. e4 e5 5. Nge2 exd4 6. Nxd4 Nc6 7. Be3 Nge7 8. Qd2 O-O 9. O-O-O f5 10. f3 f4 11. Bf2 Ne5 12. Bh4 h6 13. Bxe7 Qxe7 14. Nd5 Qd7 15. Nxf4 Qf7 16. Nd5 c6 17. Ne3 a6 18. Kb1 b5 19. Rc1 Bd7 20. Be2 Rfd8 21. Rhf1 c5 22. Nb3 Be6 23. Qc2 bxc4 24. Nxc4 Nc6 25. Rcd1 Nb4 26. Qc1 d5 27. Nxc5 dxc4 28. Rxd8+ Rxd8 29. Nxe6 c3 30. Bc4 c2+ 31. Ka1 Rc8 32. Bb3 Kh8 33. Nxg7 Qxg7 34. Rf2 Kh7 35. Rd2 Qa7 36. Bxc2 Qc7 37. Kb1 Qf7 38. b3 a5 39. Qb2 Qa7 40. a3 Nc6 41. Qf6 Qc7 42. Qd6 Qg7 43. Qd7 Ne7 44. Rd6 Rf8 45. e5 Rf7 46. e6 Rf8 47. Ra6 1-0

[Event "26th Zadar Open 2019"]
[Site "Zadar"]
[Date "2019.12.16"]
[Round "2"]
[White "Mitev, Valentin"]
[Black "Hnydiuk, Aleksander"]
[Result "1/2-1/2"]
[ECO "E48"]
[WhiteElo "2233"]
[BlackElo "2423"]
[Annotator "ChessBase"]
[PlyCount "102"]
[EventDate "2019.??.??"]
[EventCountry "CRO"]
[SourceTitle "playchess.com"]
[Source "ChessBase"]
[SourceQuality "1"]
[TimeControl "40/5400+30:1800+30"]

1. d4 Nf6 2. c4 e6 3. Nc3 Bb4 4. e3 O-O 5. Bd3 d5 6. cxd5 exd5 7. Nge2 Re8 8. Bd2 c6 9. O-O Nbd7 10. Qc2 Nf8 11. Rae1 Ne6 12. Nc1 Bd7 13. Nb3 Bd6 14. e4 dxe4 15. Nxe4 Nxe4 16. Rxe4 Qf6 17. Rfe1 h6 18. Qc1 Nf4 19. Rxe8+ Rxe8 20. Rxe8+ Bxe8 21. Qe1 Kf8 22. Be4 b6 23. Bc3 Qe7 24. Nc1 Bd7 25. Bf3 Qxe1+ 26. Bxe1 Ke7 27. g3 Nh3+ 28. Kf1 Ng5 29. Bg2 Kd8 30. Bc3 f6 31. h4 Nf7 32. Nd3 Kc7 33. Nb4 a5 34. Nc2 Bf5 35. Ne3 Bd3+ 36. Ke1 Bb4 37. Kd2 Bb1 38. a3 Bf8 39. Nc4 Ba2 40. Bf1 Nd6 41. Nxd6 Bxd6 42. Bd3 Bd5 43. Ke3 Kd7 44. Bf5+ Ke7 45. h5 Bf7 46. g4 Bb3 47. Be4 Bd5 48. Bf5 Bb3 49. Be4 Bd5 50. Bf5 Bb3 51. Be4 Bd5 1/2-1/2

[Event "26th Zadar Open 2019"]
[Site "Zadar"]
[Date "2019.12.16"]
[Round "2"]
[White "Ly, Dominik"]
[Black "Antova, Gabriela"]
[Result "1/2-1/2"]
[ECO "A28"]
[WhiteElo "2220"]
[BlackElo "2314"]
[Annotator "ChessBase"]
[PlyCount "56"]
[EventDate "2019.??.??"]
[EventCountry "CRO"]
[SourceTitle "playchess.com"]
[Source "ChessBase"]
[SourceQuality "1"]
[TimeControl "40/5400+30:1800+30"]

1. c4 e5 2. Nc3 Nf6 3. Nf3 Nc6 4. e3 Bb4 5. Qc2 d6 6. Nd5 Ba5 7. a3 Nxd5 8. cxd5 Ne7 9. Qa4+ c6 10. dxc6 bxc6 11. b4 Bb6 12. Bb2 O-O 13. Qc2 Kh8 14. d4 f6 15. Bd3 Qe8 16. dxe5 dxe5 17. h3 Be6 18. O-O c5 19. bxc5 Rc8 20. Rfc1 Rxc5 21. Qe2 Qd7 22. Rxc5 Bxc5 23. Rc1 Bb6 24. Bb5 Qd6 25. Rd1 Qc5 26. Rc1 Qd6 27. Rd1 Qc7 28. Rc1 Qd6 1/2-1/2

[Event "26th Zadar Open 2019"]
[Site "Zadar"]
[Date "2019.12.16"]
[Round "2"]
[White "Ghersinich, Enrico"]
[Black "Sai Agni Jeevitesh, J."]
[Result "1/2-1/2"]
[ECO "B07"]
[WhiteElo "2157"]
[BlackElo "2301"]
[Annotator "ChessBase"]
[PlyCount "119"]
[EventDate "2019.??.??"]
[EventCountry "CRO"]
[SourceTitle "playchess.com"]
[Source "ChessBase"]
[SourceQuality "1"]
[TimeControl "40/5400+30:1800+30"]

1. e4 d6 2. d4 Nf6 3. Nc3 Nbd7 4. f4 e5 5. Nf3 exd4 6. Qxd4 c6 7. Bd2 Qb6 8. O-O-O Be7 9. g3 O-O 10. Bg2 Re8 11. Rhe1 Qxd4 12. Nxd4 Nb6 13. Be3 Bg4 14. Nde2 Rad8 15. h3 Bxe2 16. Rxe2 Nfd7 17. b3 Bf6 18. Bd4 Bxd4 19. Rxd4 Nc5 20. Red2 Nc8 21. Rd1 f5 22. Kb2 fxe4 23. Nxe4 Nxe4 24. Bxe4 d5 25. c4 Nb6 26. Bh1 Re2+ 27. Ka3 Re3 28. cxd5 cxd5 29. Bxd5+ Rxd5 30. Rxd5 Nxd5 31. Rxd5 Rxg3 32. Rd8+ Kf7 33. Rd7+ Kf6 34. h4 Rh3 35. Rxb7 Rxh4 36. Rxa7 Rxf4 37. b4 Rf5 38. Ka4 h5 39. b5 Rf2 40. b6 Rb2 41. b7 h4 42. Ra6+ Kf7 43. Ra7 Ke6 44. b8=Q Rxb8 45. Rxg7 Kf5 46. Rh7 Kg4 47. a3 h3 48. Ka5 Kg3 49. a4 Rb3 50. Ka6 Rb4 51. Rxh3+ Kxh3 52. a5 Kg4 53. Ka7 Kf5 54. a6 Ke6 55. Ka8 Kd6 56. a7 Re4 57. Kb8 Re8+ 58. Kb7 Re7+ 59. Kb6 Rxa7 60. Kxa7 1/2-1/2

[Event "26th Zadar Open 2019"]
[Site "Zadar"]
[Date "2019.12.16"]
[Round "3.1"]
[White "Rudolf, Michal"]
[Black "Brkic, Ante"]
[Result "0-1"]
[ECO "B51"]
[WhiteElo "2328"]
[BlackElo "2576"]
[Annotator "ChessBase"]
[PlyCount "92"]
[EventDate "2019.12.15"]
[EventType "swiss"]
[EventCountry "CRO"]
[SourceTitle "playchess.com"]
[Source "ChessBase"]
[SourceQuality "1"]
[TimeControl "40/5400+30:1800+30"]

1. e4 {[%emt 0:00:30] } c5 {[%emt 0:00:30] } 2. Nf3 {[%emt 0:00:00] } d6 3. Bb5+ Nd7 4. O-O a6 5. Bd3 Ngf6 6. Re1 e6 7. a4 b6 8. c3 Bb7 9. Na3 Qc7 10. Qe2 Be7 11. Bc2 Rc8 12. d3 O-O 13. Bf4 Rfe8 14. h3 Bf8 15. Bh2 e5 16. Bb3 h6 17. Nc4 b5 18. axb5 axb5 19. Ne3 c4 20. dxc4 Nc5 21. Bc2 bxc4 22. Qxc4 Ncxe4 23. Qxc7 Rxc7 24. Ra7 Ra8 25. Rea1 Rcc8 26. Rxa8 Bxa8 27. Ra7 Rb8 28. Kf1 Bc6 29. Rc7 Be8 30. b4 {[%emt 0:02:30] 8} Ra8 31. Ke2 {[%emt 0:07:30] 3} Ra3 32. c4 {[%emt 0:03:30] ]} Nc3+ 33. Kd2 {[%emt 0:06:30] 5} Nfe4+ 34. Kc1 {[%emt 0:00:30] 5} Ra1+ 35. Kb2 {[%emt 0:00:00] 6} Ra2+ 36. Kc1 {[%emt 0:00:00] 3} Ra1+ 37. Kb2 {[%emt 0:00:00] ]} Ra2+ 38. Kc1 {[%emt 0:00:00] 9} Nxf2 39. Nd2 {[%emt 0:05:54] 5} Ba4 40. Bf5 Ne2+ 41. Kb1 Nc3+ 42. Kc1 e4 43. Bxe4 Ne2+ 44. Kb1 Rxd2 45. Bd5 Nc3+ 46. Kc1 Re2 0-1